 Dungeon Crawl Stone Soup version 0.29.1-2-gbd0b4ee654 (webtiles) character file.

Game seed: 10029316500871590116

243 raph the Carver (level 5, -10/67 HPs)
             Began as a Minotaur Berserker on Nov 27, 2022.
             Was a Believer of Trog.
             Killed by nerve-wracking pain
             ... invoked by an orc priest
              (14 damage)
             ... on level 3 of the Dungeon.
             The game lasted 00:04:02 (3654 turns).

raph the Carver (Minotaur Berserker)                Turns: 3654, Time: 00:04:03

Health: -10/67     AC:  6    Str: 22    XL:     5   Next: 82%
Magic:  4/4        EV: 11    Int:  4    God:    Trog [**....]
Gold:   143        SH:  0    Dex: 11    Spells: 4/4 levels left

rFire   . . .      SeeInvis .   a - +0 falchion
rCold   . . .      Faith    .   h - orb {light}
rNeg    . . .      Spirit   .   n - +0 ring mail
rPois   .          Reflect  .   (helmet restricted)
rElec   .          Harm     .   m - +0 cloak
rCorr   .          Rampage  .   (no gloves)
Will    .....                   (no boots)
Stlth   ..........              (no amulet)
HPRegen 0.21/turn               (no ring)
MPRegen 0.09/turn               (no ring)

@: berserking, glowing, very quick
A: horns 2, retaliatory headbutt
a: Renounce Religion, Berserk, Trog's Hand


You were on level 3 of the Dungeon.
You worshipped Trog.
Trog was pleased with you.
You visited 1 branch of the dungeon, and saw 3 of its levels.

You collected 143 gold pieces.

Inventory:

Hand Weapons
 a - a +0 falchion (weapon)
 s - a +2 dagger of speed
 t - the +9 shortbow "Lugumia" {venom, *Slow Dex+3 SInv}
   (You found it on level 3 of the Dungeon)

   Any ammunition fired from it poisons the flesh of those it strikes.
   Dex:       It affects your dexterity (+3).
   SInv:      It lets you see invisible.
   *Slow:     It may slow you when you take damage.
Missiles
 k - 10 poisoned darts (quivered)
Armour
 b - a +0 animal skin
 h - an orb of light (worn)
 m - a +0 cloak (worn)
 n - a +0 ring mail (worn)
Jewellery
 e - a ring of poison resistance
Wands
 p - a wand of charming (11)
Scrolls
 d - a scroll of immolation {unknown}
 f - 2 scrolls of butterflies
 g - 2 scrolls of identify
 q - a scroll of magic mapping {unknown}
Potions
 c - 2 potions of berserk rage
 i - a potion of brilliance {unknown}
 j - 2 potions of attraction {unknown}
 l - a potion of degeneration {unknown}
 o - 2 potions of mutation {unknown}
 r - 2 potions of curing {unknown}


   Skills:
 - Level 3.6 Fighting
 + Level 8.0 Long Blades
 - Level 2.4 Armour
 - Level 2.1 Dodging


You had 4 spell levels left.
You didn't know any spells.
Your spell library was empty.

Dungeon Overview and Level Annotations

Branches:
Dungeon (3/15)

Altars:
Vehumet


Innate Abilities, Weirdness & Mutations

You have a pair of horns on your head.
You reflexively headbutt those who attack you in melee.


Message History

The orc hits you but does no damage.
The orc priest calls down the wrath of Beogh upon you.
Beogh smites you!
The orc wizard attacks as you move away!
The orc wizard hits you with a +0 dagger.
The orc wizard casts a spell at you. The puff of flame hits you.
* * * LOW HITPOINT WARNING * * *
You see here a rat corpse.
You see here a +0 leather armour.
A red film seems to cover your vision as you go berserk!
You feel yourself moving faster!
You feel mighty!
You slash the orc wizard!
The orc wizard is severely wounded.
The orc wizard hits you but does no damage.
The orc priest casts a cantrip, but nothing happens.
You slash the orc wizard!
You kill the orc wizard!
Trog accepts your kill.
Trog appreciates your killing of a magic user.
You are too injured to fight recklessly!
The orc hits you but does no damage.
Things that are here:
a +0 dagger; a +0 robe; an orc corpse You hit the orc but do no damage.
The orc closely misses you.
You hit the orc.
The orc is almost dead.
You slash the orc!
You kill the orc!
Trog accepts your kill.
The orc priest calls down the wrath of Beogh upon you.
Beogh smites you!
* * * LOW HITPOINT WARNING * * *
Your Long Blades skill increases to level 8!
You hit the orc. You headbutt the orc.
You kill the orc!
Trog accepts your kill.
The orc priest mumbles some strange prayers to Beogh against you.
Pain shoots through your body!
You die...

......# .# #....
##.#.## .# #.#.#
#.....#.## #...# .
[..).....### #...##
... #.....###.#.#
#..#)#..... ##.#.##
#.##.)))...o.? ##.#.#
$##.##.#..###....#
...#...........oo#
.##
..)...#.##.##.##@#
#####.# #.# #)# # ..
..# #[# # #######.# #
#...#.# ##. #
#.##...#####.. # #.#
##.......## #
#.###.........## #
#.##...#.#.#...######


You could see an orc priest and an orc.

Vanquished Creatures
  Jessica (D:3)
  An orc wizard (D:3)
  10 gnolls
  An adder (D:2)
  A worm (D:2)
  2 dart slugs
  6 orcs
  10 bats
  5 endoplasms
  3 giant cockroaches
  3 goblins
  6 hobgoblins
  2 jackals (D:2)
  3 quokkas
  6 ball pythons
  3 frilled lizards (D:3)
  9 kobolds
  5 rats
77 creatures vanquished.

Notes
Turn   | Place    | Note
-------+----------+-------------------------------------------
     0 | D:1      | raph the Minotaur Berserker began the quest for the Orb.
     0 | D:1      | Reached XP level 1. HP: 19/19 MP: 0/0
   123 | D:1      | Reached skill level 4 in Long Blades
   248 | D:1      | Reached XP level 2. HP: 9/26 MP: 1/1
   939 | D:1      | Reached skill level 5 in Long Blades
  1015 | D:1      | Found a faded altar of an unknown god.
  1152 | D:1      | Reached XP level 3. HP: 20/31 MP: 2/2
  1568 | D:2      | Reached ** piety under Trog
  1569 | D:2      | Reached skill level 6 in Long Blades
  1569 | D:2      | Reached XP level 4. HP: 31/39 MP: 3/3
  2962 | D:3      | Found a radiant altar of Vehumet.
  3235 | D:3      | Reached XP level 5. HP: 45/45 MP: 4/4
  3236 | D:3      | Reached skill level 7 in Long Blades
  3418 | D:3      | Noticed Jessica
  3431 | D:3      | Killed Jessica
  3614 | D:3      | Identified the +9 shortbow "Lugumia" {venom, *Slow Dex+3
                  | SInv}
  3653 | D:3      | Reached skill level 8 in Long Blades
  3654 | D:3      | Killed from afar by an orc priest

Illustrated notes

Levels and vault maps discovered:
D:1:      mrwooster_arrival_statue_3, layout_basic,
          shapermc_ecumenical_altar_petra,
          nicolae_concentric_dashed_squares_wild, hangedman_decor_push
D:2:      layout_loops_corners
D:3:      layout_loops_ring, nicolae_vehumet_radiance, uniq_jessica

Skill      XL: |  1  2  3  4  5 |
---------------+----------------+-----
Long Blades    | 4 5 6 8 |  8.0
Fighting       | |  3.6
Armour         | |  2.4
Dodging        | |  2.1

Action                   |  1- 3 |  4- 6 || total
-------------------------+-------+-------++-------
Melee: Falchion          |    70 |    78 ||   148
       Headbutt          |     9 |    11 ||    20
Throw: Dart              |       |     2 ||     2
Invok: Berserk           |     3 |     3 ||     6
  Use: Scroll            |       |     5 ||     5
 Stab: Sleeping          |     1 |       ||     1
Armor: Animal skin       |    22 |     6 ||    28
       Ring mail         |       |    21 ||    21
Dodge: Dodged            |    40 |    39 ||    79
